AoeStats
← Dr_DanglePeen_AD

MegaRandom

504622099Analyzed
4v4 RM · 25d ago on Sep 6, 2026· 68m 3s· 8 players
Game mode
Random Map
Map size
Large (8 player)
Population
200
Speed
Normal
Resources
Standard
Victory
Conquest
Starting age
Dark Age
Ending age
Imperial Age
RankedLock teamsTeams togetherTeam positionsShared explorationLock speedFull tech treeHidden civsTurbo modeCheats
Victory
Defeat
🇺🇸 Koreans · United States
1464
+8
🇺🇸 Persians · United States
1289
+15
🇨🇦 Wei · Canada
1243
+17
🇺🇸 Huns · United States
1170
+19
🇺🇸 Wei · United States
1284
-16
🇦🇹 Portuguese · Austria
1278
-15
🇨🇳 Gurjaras · China
1272
-15
🇦🇹 Romans · Austria
1226
-13
SlopMasta
6:34 Loom
9:18 Feudal Age
9:56 Double-Bit Axe
11:47 Horse Collar
18:59 Castle Age
18:00 Gold Mining
18:19 Fletching
18:47 Forging
19:58 Heavy Plow
20:08 Bow Saw
21:02 Wheelbarrow
20:55 Crossbowman
22:06 Town Watch
22:21 Pikeman
24:12 Fervor
24:23 Sanctity
27:58 Bodkin Arrow
29:42 Ballistics
29:59 Devotion
31:23 Murder Holes
31:09 Treadmill Crane
32:56 Scale Mail Armor
36:45 Stone Mining
37:55 Hand Cart
42:02 Imperial Age
39:53 Thumb Ring
40:07 Padded Archer Armor
40:02 Elite Skirmisher
41:31 Stone Shaft Mining
41:02 Arson
42:26 Chain Mail Armor
42:50 Bloodlines
42:08 Halberdier
43:33 Masonry
43:43 Arbalester
45:02 Bracer
46:09 Chemistry
45:57 Town Patrol
46:18 Leather Archer Armor
45:43 Capped Ram
47:25 Siege Engineers
49:18 Plate Mail Armor
49:04 Guilds
49:55 Conscription
51:52 Block Printing
51:33 Herbal Medicine
53:29 Man-at-Arms
55:05 Coinage
56:35 Bombard Tower
56:51 Crop Rotation
58:43 Banking
64:12 Architecture
64:34 Ring Archer Armor
65:03 Guard Tower
66:16 Elite Organ Gun
Mr. Curse
0:59 Loom
10:12 Feudal Age
13:31 Wheelbarrow
16:32 Castle Age
15:24 Gold Mining
15:21 Double-Bit Axe
15:19 Horse Collar
16:06 Stone Mining
16:21 Padded Archer Armor
22:05 Squires
21:56 Pikeman
23:18 Hand Cart
25:46 Ballistics
26:18 Town Watch
26:08 Pikeman
27:13 Scale Mail Armor
28:44 Chain Mail Armor
29:20 Fletching
29:00 Elite Skirmisher
29:57 Leather Archer Armor
29:53 Forging
34:19 Imperial Age
32:02 Bow Saw
32:10 Bodkin Arrow
32:52 Iron Casting
32:54 Heavy Plow
33:58 Gold Shaft Mining
34:06 Bloodlines
33:56 Husbandry
34:25 Halberdier
35:41 Ring Archer Armor
34:52 Capped Ram
38:04 Blast Furnace
37:25 Scale Barding Armor
38:13 Siege Ram
39:28 Chain Barding Armor
42:29 Plate Barding Armor
42:35 Conscription
43:03 Elite Centurion
45:44 Heavy Scorpion
48:12 Chemistry
48:09 Ballistas
48:25 Comitatenses
48:25 Light Cavalry
49:47 Man-at-Arms
54:02 Crop Rotation
54:55 Siege Engineers
60:31 Town Patrol
Kill Line
2:17 Loom
11:19 Feudal Age
15:14 Double-Bit Axe
21:56 Castle Age
23:47 Fletching
24:26 Bodkin Arrow
38:24 Sanctity
38:14 Fervor
The Founding Titan
0:46 Loom
10:14 Feudal Age
14:42 Castle Age
13:27 Double-Bit Axe
13:36 Horse Collar
24:02 Bow Saw
24:57 Heavy Plow
28:01 Fletching
29:05 Wheelbarrow
31:31 Hand Cart
31:18 Bodkin Arrow
32:19 Town Watch
32:56 Ballistics
33:01 Town Patrol
33:01 Gold Mining
33:25 Thumb Ring
36:56 Imperial Age
34:39 Padded Archer Armor
35:35 Husbandry
36:16 Gold Shaft Mining
39:54 Parthian Tactics
39:35 Bracer
39:51 Leather Archer Armor
41:06 Chemistry
41:37 Ring Archer Armor
41:19 Bloodlines
48:20 Ming Guang Armor
47:56 Tuntian
48:18 Conscription
49:01 Elite Skirmisher
Veloester
9:03 Loom
11:11 Feudal Age
12:26 Double-Bit Axe
15:54 Horse Collar
19:30 Castle Age
19:09 Forging
19:48 Stone Mining
20:54 Bloodlines
24:10 Bow Saw
27:19 Scale Barding Armor
30:05 Chain Barding Armor
32:12 Iron Casting
33:45 Heavy Plow
37:01 Padded Archer Armor
36:51 Fletching
39:48 Imperial Age
37:48 Tuntian
38:43 Town Watch
39:36 Wheelbarrow
38:30 Elite Skirmisher
39:36 Bodkin Arrow
40:20 Thumb Ring
40:49 Bracer
41:33 Conscription
45:13 Ballistics
49:08 Masonry
49:48 Pikeman
50:28 Squires
50:29 Scale Mail Armor
51:13 Hand Cart
50:56 Halberdier
52:13 Capped Ram
53:57 Crop Rotation
53:54 Caravan
53:58 Gold Mining
55:57 Chain Mail Armor
58:53 Chemistry
59:40 Elite Tiger Cavalry
66:11 Blast Furnace
65:27 Leather Archer Armor
67:04 Spies/Treason
Dr_DanglePeen_AD
11:56 Feudal Age
10:22 Loom
12:54 Feudal Age
13:21 Loom
14:52 Horse Collar
15:00 Double-Bit Axe
18:45 Castle Age
17:36 Scale Barding Armor
18:38 Forging
18:39 Bloodlines
25:32 Heavy Plow
25:47 Bow Saw
27:29 Marauders
37:57 Imperial Age
36:13 Wheelbarrow
37:10 Fletching
38:13 Thumb Ring
38:08 Heavy Cavalry Archer
39:16 Parthian Tactics
39:19 Ballistics
39:59 Chemistry
39:26 Conscription
39:10 Bodkin Arrow
39:15 Padded Archer Armor
41:41 Hand Cart
42:01 Bracer
42:19 Leather Archer Armor
46:54 Chain Barding Armor
47:09 Iron Casting
46:16 Elite Tarkan
53:15 Plate Barding Armor
53:41 Blast Furnace
53:07 Husbandry
65:25 Light Cavalry
DLonger7
5:50 Loom
9:26 Feudal Age
9:57 Double-Bit Axe
9:57 Horse Collar
13:09 Scale Barding Armor
13:11 Town Watch
14:06 Forging
23:19 Castle Age
22:44 Bloodlines
24:22 Chain Barding Armor
24:21 Bow Saw
24:40 Gold Mining
28:36 Heavy Plow
33:03 Iron Casting
32:51 Devotion
33:48 Wheelbarrow
33:19 Husbandry
35:11 Gold Shaft Mining
35:43 Hand Cart
35:51 Town Patrol
41:53 Imperial Age
40:51 Stone Mining
41:31 Cavalier
42:47 Plate Barding Armor
43:28 Savar
51:33 Two-Man Saw
51:57 Conscription
55:11 Caravan
63:39 Coinage
63:20 Guilds
67:10 Spies/Treason
jimmythicks
6:01 Loom
14:31 Feudal Age
15:09 Double-Bit Axe
18:05 Gold Mining
22:54 Castle Age
23:00 Fletching
23:47 Crossbowman
31:51 Bodkin Arrow
36:18 Imperial Age
38:03 Gold Shaft Mining
38:04 Wheelbarrow
38:10 Ballistics
38:50 Arbalester
41:48 Chemistry
42:27 Wheelbarrow
43:24 Conscription
45:58 Bracer
45:25 Elite Skirmisher
46:47 Thumb Ring
47:29 Masonry
53:55 Hand Cart
53:52 Bow Saw
53:34 Stone Mining
56:34 Eupseong
66:14 Architecture
65:51 Siege Engineers
Connection lost

Rejoining the realm…

Still unreachable

The connection could not be restored.

Session expired

The server has moved on; the page needs a fresh start.